 Dungeon Crawl Stone Soup version 0.30-a0-576-g89cddaab80 (webtiles) character file.

Game seed: 5653153092702410633

147 Newt the Trooper (level 5, -5/42 HPs)
             Began as a Demonspawn Gladiator on Dec 30, 2022.
             Killed by divine providence
             ... invoked by an orc priest
              (17 damage)
             ... on level 3 of the Dungeon.
             The game lasted 00:02:36 (1572 turns).

Newt the Trooper (Demonspawn Gladiator)             Turns: 1572, Time: 00:02:37

Health: -5/42      AC:  6    Str: 16    XL:     5   Next: 8%
Magic:  5/5        EV: 14    Int: 10    God:
Gold:   182        SH:  0    Dex: 20    Spells: 4/4 levels left

rFire   + . .      SeeInvis .    x - +2 spear (heavy)
rCold   . . .      Faith    .    (no shield)
rNeg    . . .      Spirit   .    v - +0 ring mail {rF+}
rPois   .          Reflect  .    c - +0 helmet
rElec   .          Harm     .    (no cloak)
rCorr   .          Rampage  .    (no gloves)
Will    .....                    (no boots)
Stlth   ++                       (no amulet)
HPRegen 0.27/turn                h - +4 ring of slaying
MPRegen 0.09/turn                q - +6 ring of dexterity

@: no status effects
A: repulsion field 1, foul stench 1
a: no special abilities


You were on level 3 of the Dungeon.
You visited 1 branch of the dungeon, and saw 3 of its levels.

You collected 182 gold pieces.

Inventory:

Hand Weapons
 a - a +0 rapier
 m - a +0 vampiric dagger
 x - a +2 heavy spear (weapon)
Missiles
 d - a throwing net (quivered)
 e - a javelin
 i - 6 atropa-tipped darts
Armour
 b - a +0 leather armour
 c - a +0 helmet (worn)
 v - a +0 ring mail of fire resistance (worn)
Jewellery
 h - a +4 ring of slaying (left hand)
 k - a ring of wizardry
 q - a +6 ring of dexterity (right hand)
 t - a ring of willpower
 u - a +6 ring of dexterity
Wands
 w - a wand of paralysis (4)
Scrolls
 j - a scroll of vulnerability {unknown}
 l - a scroll of summoning {unknown}
 o - a scroll of enchant armour {unknown}
 s - a scroll of teleportation {unknown}
Potions
 f - 2 potions of might
 g - a potion of invisibility
 n - 2 potions of degeneration {unknown}
 p - 2 potions of haste
 r - a potion of berserk rage {unknown}


   Skills:
 - Level 4.0 Fighting
 - Level 2.6 Short Blades
 + Level 2.0 Throwing
 - Level 2.0 Armour
 - Level 2.6 Dodging
 - Level 2.0 Stealth


You had 4 spell levels left.
You didn't know any spells.
Your spell library was empty.

Dungeon Overview and Level Annotations

Branches:
Dungeon (3/15)

Altars:

Shops:
D:1 (


Innate Abilities, Weirdness & Mutations

You are surrounded by a mild repulsion field. (EV +2)
You may rarely emit foul miasma when damaged in melee.


Message History

There is an open door here.
The giant cockroach attacks as you move away!
The giant cockroach closely misses you.
You barely miss the giant cockroach. The giant cockroach misses you.
The orc priest invokes the aid of Beogh against you.
Beogh smites you! The giant cockroach closely misses you.
You puncture the giant cockroach!
You kill the giant cockroach!
You completely miss the orc.
The orc is heavily wounded.
The orc priest invokes the aid of Beogh against you.
Beogh smites you!
You are too injured to fight recklessly!
Okay, then.
You puncture the orc!
You kill the orc!
The orc priest barely misses you.
The orc hits you with a +0 heavy hand axe.
The orc priest barely misses you.
Your Throwing skill increases to level 2!
You closely miss the orc.
The orc is heavily wounded.
The orc priest misses you. The orc misses you.
Throw: 2 throwing nets
Press: ? - help, Q - select action, (/) - cycle Shift-Dir - straight line, f - orc priest, p - orc
Aim: an orc priest, wielding a +0 trident and wearing a +0 leather armour (69% to hit)
You throw a throwing net.
The throwing net closely misses the orc.
The throwing net hits the orc priest.
The orc priest is caught in the net!
The orc priest struggles against the net.
Reach: x) +2 spear (heavy)
Press: ? - help, Dir - move target, f/p - orc priest
Aim: an orc priest, wielding a +0 trident and wearing a +0 leather armour (entangled in a net, about 8% to evade your +2 heavy spear)
The orc is in the way.
You closely miss the orc.
The orc is heavily wounded.
The orc hits you with a +0 heavy hand axe.
* * * LOW HITPOINT WARNING * * *
The orc priest invokes the aid of Beogh against you.
Beogh smites you!
You die...

#....r. #...... #......
#...... #......####
#.........# #.........#
#.......ro#### .##
#.####...oo@'# . ..
#...o##.# ..#. #....# ..#
#####..... #....# ###
#.#.........
####....#######.#......# #
.#.#.#.#................+
..........######.#......###
#.#.#.#..######.#........<
................#......##.


You could see an orc priest (caught), 3 orcs and a rat.

Vanquished Creatures
  Ijyb (D:3)
  3 gnolls (D:3)
  3 adders (D:2)
  A worm (D:2)
  3 orcs
  7 ball pythons
  8 bats
  3 endoplasms
  4 giant cockroaches
  4 goblins
  6 hobgoblins
  5 kobolds
  A quokka (D:1)
  4 frilled lizards
  7 rats
60 creatures vanquished.

Notes
Turn   | Place    | Note
-------+----------+-------------------------------------------
     0 | D:1      | Newt the Demonspawn Gladiator began the quest for the Orb.
     0 | D:1      | Reached XP level 1. HP: 16/16 MP: 1/1
    79 | D:1      | Reached skill level 1 in Stealth
   117 | D:1      | Found Liul's Weapon Shop.
   127 | D:1      | Gained mutation: You may rarely emit foul miasma when
                  | damaged in melee. [demonic ancestry]
   127 | D:1      | Reached XP level 2. HP: 18/22 MP: 2/2
   654 | D:1      | Reached XP level 3. HP: 28/28 MP: 3/3
   680 | D:2      | Reached skill level 3 in Fighting
   834 | D:2      | Found a faded altar of an unknown god.
   850 | D:2      | Reached XP level 4. HP: 37/37 MP: 4/4
  1206 | D:3      | Noticed Ijyb
  1212 | D:3      | Paralysed by Ijyb for 2 turns
  1221 | D:3      | Paralysed by Ijyb for 2 turns
  1226 | D:3      | Paralysed by Ijyb for 4 turns
  1232 | D:3      | Killed Ijyb
  1233 | D:3      | Reached skill level 4 in Fighting
  1233 | D:3      | Reached skill level 1 in Armour
  1433 | D:3      | Gained mutation: You are surrounded by a mild repulsion
                  | field. (EV +2) [demonic ancestry]
  1433 | D:3      | Reached XP level 5. HP: 19/42 MP: 5/5
  1572 | D:3      | Killed from afar by an orc priest

Illustrated notes

Levels and vault maps discovered:
D:1:      minmay_arrival_four_houses, layout_basic, serial_shops, shop
D:2:      layout_rooms, chequers_ecumenical_altar_island
D:3:      layout_basic, mainiacjoe_overflow_paths, st_stairs_11,
          grunt_decor_junction, minmay_misc_feat_tiny, uniq_ijyb

Skill      XL: |  1  2  3  4  5 |
---------------+----------------+-----
Stealth        | 1 2 |  2.0
Fighting       | 3 4 |  4.0
Armour         | 2 |  2.0
Throwing       | 2 |  2.0
Short Blades   | |  2.6
Dodging        | |  2.6

Action                   |  1- 3 |  4- 6 || total
-------------------------+-------+-------++-------
Melee: Rapier            |     6 |       ||     6
       Dagger            |    89 |    63 ||   152
       Punch             |       |     1 ||     1
       Spear             |       |     8 ||     8
Throw: Throwing net      |       |     2 ||     2
  Use: Scroll            |       |     2 ||     2
       Potion            |       |     1 ||     1
 Stab: Sleeping          |     3 |     3 ||     6
       Held in net/web   |       |     1 ||     1
Armor: Leather armour    |    21 |     4 ||    25
       Ring mail         |       |    14 ||    14
Dodge: Dodged            |    58 |    38 ||    96

Table legend: (Time is in decaauts)
 A = Elapsed time spent in this place.
 B = Non-inter-level travel time spent in this place.
 C = Inter-level travel time spent in this place.
 D = Time resting spent in this place.
 E = Time spent auto-exploring this place.
 F = Levels seen in this place.
 G = Mean time per level.
                   A        B        C        D        E       F      G
               +--------+--------+--------+--------+--------+-----+--------+
         Total |   1554 |   1520 |     34 |    115 |   1026 |   3 |  518.0 |
       Dungeon |   1554 |   1520 |     34 |    115 |   1026 |   3 |  518.0 |
               +--------+--------+--------+--------+--------+-----+--------+

Top non-repeatable levels by time:
     D:1: 667 daAuts
     D:2: 473 daAuts
     D:3: 413 daAuts
